 Dungeon Crawl Stone Soup version 0.20-a0-1020-g7b9e4fe (webtiles) character file.

22072 HarryHood the Basher (level 12, -13/168 HPs)
             Began as a Minotaur Fighter on Apr 15, 2017.
             Was a High Priest of Makhleb.
             Mangled by a stone giant (25 damage)
             ... in a volcano on Apr 19, 2017.
             The game lasted 01:06:19 (12295 turns).

HarryHood the Basher (Minotaur Fighter)            Turns: 12295, Time: 01:06:19

Health: -13/168    AC: 20    Str: 32    XL:     12   Next: 59%
Magic:  0/14       EV:  9    Int:  5    God:    Makhleb [*****.]
Gold:   778        SH: 15    Dex: 12    Spells: 11/11 levels left

rFire    + . .     SeeInvis .   a - +0 morningstar
rCold    . . .     Gourm    .   c - +1 shield
rNeg     + + +     Faith    .   H - +1 scale mail "Obluguz" {*Slow rF+ rN+++ Slay+5}
rPois    .         Spirit   +   (helmet restricted)
rElec    .         Reflect  .   q - +2 cloak
rCorr    .         Harm     .   o - +1 pair of gloves
MR       .....                  K - +1 pair of boots {run}
Stlth    ..........             F - amulet of guardian spirit
Regen    0.4/turn               d - +2 ring of protection
MPRegen  0.2/turn               u - +3 ring of strength

@: berserking, very quick
A: retaliatory headbutt, horns 2
a: Minor Destruction, Lesser Servant of Makhleb, Major Destruction, Greater
Servant of Makhleb, Renounce Religion


You were in a volcano.
You worshipped Makhleb.
Makhleb was extremely pleased with you.
You were not hungry.

You visited 3 branches of the dungeon, and saw 15 of its levels.
You also visited: Ossuary and Volcano.

You collected 999 gold pieces.
You spent 221 gold pieces at shops.

Inventory:

Hand Weapons
 a - a +0 morningstar (weapon)
 b - the +1 hunting sling "Ronin" {venom, Str+3}
   (You bought it in a shop on level 7 of the Dungeon)

   It poisons the ammo it fires.
   It affects your strength (+3).
Missiles
 s - 43 sling bullets
Armour
 c - a +1 shield (worn)
 o - a +1 pair of gloves (worn)
 q - a +2 cloak (worn)
 B - a scarf of spirit shield
 H - the +1 scale mail "Obluguz" (worn) {*Slow rF+ rN+++ Slay+5}
   (You found it on level 7 of the Dungeon)

   It affects your accuracy and damage with ranged weapons and melee attacks
   (+5).
   It protects you from fire.
   It renders you almost immune to negative energy.
   It may slow you when you take damage.
 K - a +1 pair of boots of running (worn)
Jewellery
 d - a +2 ring of protection (left hand)
 t - an uncursed ring of positive energy
 u - a +3 ring of strength (right hand)
 w - an uncursed ring of flight
 F - an amulet of guardian spirit (around neck)
 L - an uncursed ring of wizardry
Scrolls
 j - 6 scrolls of remove curse {@r1}
 k - 7 scrolls of teleportation {@r0}
 l - 4 scrolls of enchant armour
 r - 4 scrolls of identify
 v - 3 scrolls of fog
 y - 3 scrolls of amnesia
 E - 3 scrolls of recharging
Potions
 e - 3 potions of lignification {!q}
 g - 2 potions of brilliance
 h - 2 potions of cancellation
 m - 4 potions of curing {@q2}
 p - a potion of ambrosia
 x - 2 potions of magic
 z - 2 potions of heal wounds {@q1}
 C - 3 potions of agility
 I - 3 potions of haste
 J - a potion of flight
Books
 M - a book of Party Tricks

   Spells                             Type                      Level
   a - Summon Butterflies             Summoning                    1
   b - Apportation                    Translocation                1
   c - Lesser Beckoning               Translocation                3
   d - Tukima's Dance                 Hexes                        3
   e - Alistair's Intoxication        Transmutation/Poison         5
   f - Invisibility                   Hexes                        6
Comestibles
 f - 7 bread rations {@e1}
 i - 18 royal jellies {@e3}
 n - 3 meat rations {@e1}
 D - 4 fruits {@e2}


   Skills:
 - Level 12.0 Fighting
 - Level 14.0 Maces & Flails
 - Level 3.1 Slings
 - Level 12.0 Armour
 - Level 12.0 Shields
 * Level 4.0 Invocations


You had 11 spell levels left.
You didn't know any spells.

Dungeon Overview and Level Annotations

Branches:
Dungeon (12/15)            Temple (1/1) D:5            Lair (2/6) D:11
  Swamp: Lair:2-4    Shoals: Lair:2-4     Snake: Lair:2-4    Spider: Lair:2-4
    Orc: D:9-12

Altars:
Ashenzari
Dithmenos
Elyvilon
Fedhas
Gozag
Hepliaklqana
Kikubaaqudgha
Makhleb
Nemelex Xobeh
Okawaru
Qazlal
Ru
Sif Muna
Trog
Uskayaw
Vehumet
Xom
Yredelemnul
Beogh

Shops:
D:7 (   D:9 (


Innate Abilities, Weirdness & Mutations

You reflexively headbutt those who attack you in melee.
You have a pair of horns on your head.


Message History

You headbutt the stone giant, but do no damage.
You block the stone giant's attack.
You completely miss the stone giant. You hit the stone giant.
The stone giant hits you!!
* * * LOW HITPOINT WARNING * * *
You take 25 damage, and have 31/112 hp.
MASSIVE DAMAGE!!
You now have 2/14 mp.
You completely miss the stone giant. You block the stone giant's attack.
You hit the stone giant but do no damage.
You block the stone giant's attack.
You hit the stone giant. You headbutt the stone giant.
The stone giant hits you but does no damage.
You thump the stone giant! You block the stone giant's attack.
You puncture the stone giant! You barely miss the stone giant.
You headbutt the stone giant. The stone giant hits you!!
* * * LOW HITPOINT WARNING * * *
You take 24 damage, and have 8/112 hp.
MASSIVE DAMAGE!!
You now have 0/14 mp.
A red film seems to cover your vision as you go berserk!
You feel yourself moving faster!
You feel mighty! The stone giant hits you!!
You die...

≈≈§≈ § ▒.▒ ▒.≈≈≈ ≈≈§≈ ▒.▒ ▒.§≈≈
≈≈§≈ ▒.▒ ▒..≈≈ §≈≈≈ ▒.▒ ▒.≈≈≈
§≈§≈ ▒.▒ .▒..≈≈ §≈§≈ ▒▒▒++▒▒▒)▒▒▒
▒▒▒.≈§§ §≈≈≈ ▒....▒.....▒ ▒§.§§
§§§≈ ▒.∩C.▒.8⚑8.▒ ▒.≈≈§ ≈≈≈§
▒...@(.....+ ▒.≈≈≈ ≈≈≈§
▒▒▒▒▒▒▒▒▒▒▒▒ ▒.≈≈§ ≈≈§§§≈≈≈ ≈≈≈
≈§≈§≈≈≈§≈≈ §≈≈ §≈≈≈≈≈≈≈≈≈≈
≈≈§≈§§§≈§≈≈§§≈ ≈≈≈≈≈≈≈≈≈≈≈≈
§§≈≈§≈≈≈≈≈§≈≈≈
≈≈§§≈≈≈≈≈§§§≈§≈≈≈§≈≈§≈§§≈§≈§≈§≈≈≈
≈§≈≈§§≈§§§§≈≈§≈§≈≈§≈≈§≈≈§≈≈≈≈§≈§§
..≈≈§§§≈§§≈≈≈§§§≈≈§≈≈§≈≈§≈≈≈≈≈≈≈≈


You could see a stone giant.

Vanquished Creatures
  A centaur warrior (D:12)
  2 hydras (D:11)
  4 two-headed ogres
  Urug (Lair:2)
  A skeletal warrior (D:11)
  3 unseen horrors
  2 deep elf magi (D:12)
  A guardian serpent (D:11)
  A manticore (D:11)
  2 spiny frogs
  2 gargoyles
  An efreet (Volcano)
  A troll (D:11)
  Grinder (D:3)
  A hippogriff (D:8)
  3 wyverns
  6 yaks (D:11)
  2 fire elementals (Volcano)
  Eustachio (D:5)
  2 fire bats (Volcano)
  A hungry ghost (D:10)
  2 acid dragons
  3 porcupines (Lair:1)
  4 ice beasts
  4 sky beasts
  10 orc warriors
  6 phantoms
  4 ogres
  The ghost of Zdeegee the Chopper, an amateur HOFi (D:3)
  4 black bears
  2 eyes of draining
  4 centaurs
  4 wolves (Lair:1)
  8 bullfrogs
  3 big kobolds
  2 elf zombies (Ossuary)
  2 gnoll sergeants
  3 scorpions
  2 howler monkeys
  6 lava snakes (Volcano)
  A crimson imp (D:6)
  9 hounds
  5 centaur zombies
  6 jellies
  A quasit (D:10)
  2 bullfrog skeletons
  2 centaur skeletons
  3 human zombies (Ossuary)
  10 orc priests
  13 orc wizards
  2 iguanas
  Ijyb (D:3)
  7 worker ants
  A big kobold zombie (Ossuary)
  A hound zombie (D:9)
  2 hound skeletons
  2 mummies (Ossuary)
  Robin (D:3)
  A howler monkey zombie (D:10)
  12 gnolls
  11 adders
  3 shadow imps
  A white imp (D:6)
  6 oozes
  An adder zombie (Ossuary)
  2 adder skeletons
  5 worms
  2 dart slugs (D:1)
  6 leopard geckos
  50 orcs
  7 giant cockroaches
  12 goblins
  8 hobgoblins
  12 jackals
  14 kobolds
  4 quokkas
  A ball python (D:3)
  9 bats
  4 frilled lizards
  A goblin zombie (Ossuary)
  4 hobgoblin zombies (Ossuary)
  A jackal zombie (D:6)
  7 kobold zombies (Ossuary)
  A leopard gecko skeleton (D:5)
  15 orc zombies (Ossuary)
  A quokka skeleton (D:4)
  A quokka zombie (D:9)
  7 rats
  A rat zombie (Ossuary)
392 creatures vanquished.

Vanquished Creatures (others)
  An ogre mage (D:12)
  2 goblins (D:3)
3 creatures vanquished.

Grand Total: 395 creatures vanquished

Notes
Turn   | Place    | Note
-------+----------+-------------------------------------------
     0 | D:1      | HarryHood the Minotaur Fighter began the quest for the Orb.
     0 | D:1      | Reached XP level 1. HP: 19/19 MP: 0/0
   120 | D:1      | Reached skill level 4 in Fighting
   288 | D:1      | Reached XP level 2. HP: 28/28 MP: 1/1
   525 | D:1      | Reached skill level 5 in Fighting
   545 | D:1      | Reached XP level 3. HP: 36/36 MP: 2/2
  1016 | D:1      | Upgraded the game from 0.20-a0-1009-gc986637 to 0.20-a0-1016-g241539b
  1647 | D:2      | Reached XP level 4. HP: 41/44 MP: 3/3
  1736 | D:3      | Reached skill level 6 in Fighting
  1979 | D:3      | Found an opulent altar of Gozag.
  2026 | D:3      | Noticed Robin
  2029 | D:3      | Reached skill level 3 in Maces & Flails
  2032 | D:3      | Noticed Ijyb
  2047 | D:3      | Killed Ijyb
  2072 | D:3      | Killed Robin
  2072 | D:3      | Reached skill level 4 in Maces & Flails
  2072 | D:3      | Reached XP level 5. HP: 23/50 MP: 4/4
  2143 | D:3      | Noticed Zdeegee's ghost (amateur HOFi)
  2274 | D:3      | Killed Zdeegee's ghost
  2274 | D:3      | Reached skill level 5 in Maces & Flails
  2429 | D:3      | Noticed Grinder
  2452 | D:3      | Paralysed by Grinder for 4 turns
  2466 | D:3      | Paralysed by Grinder for 5 turns
  2475 | D:3      | Killed Grinder
  2475 | D:3      | Reached skill level 7 in Maces & Flails
  2475 | D:3      | Reached XP level 6. HP: 52/57 MP: 5/5
  3020 | D:4      | Reached skill level 4 in Armour
  3101 | D:4      | Reached XP level 7. HP: 63/63 MP: 6/6
  3281 | D:4      | Reached skill level 5 in Armour
  3430 | D:4      | Found a shimmering altar of Xom.
  3430 | D:4      | Found a hide-covered altar of Uskayaw.
  3430 | D:4      | Found a hazy altar of Hepliaklqana.
  3477 | D:4      | Found a sand-covered staircase.
  3483 | Ossuary  | Entered an ossuary
  3573 | Ossuary  | Reached skill level 6 in Armour
  3594 | Ossuary  | Reached skill level 4 in Shields
  3623 | Ossuary  | Reached skill level 5 in Shields
  4016 | D:5      | Entered Level 5 of the Dungeon
  4054 | D:5      | Reached skill level 6 in Shields
  4054 | D:5      | Reached XP level 8. HP: 70/70 MP: 7/7
  4246 | D:5      | Found a staircase to the Ecumenical Temple.
  4262 | D:5      | Reached skill level 7 in Fighting
  4278 | Temple   | Entered the Ecumenical Temple
  4346 | Temple   | Became a worshipper of Makhleb the Destroyer
  4480 | D:5      | Reached skill level 8 in Fighting
  4770 | D:5      | Found a sparkling altar of Nemelex Xobeh.
  4787 | D:5      | Reached skill level 9 in Fighting
  5106 | D:5      | Noticed Eustachio
  5128 | D:5      | Killed Eustachio
  5128 | D:5      | Reached skill level 8 in Maces & Flails
  5248 | D:6      | Reached * piety under Makhleb
  5352 | D:6      | Reached skill level 9 in Maces & Flails
  5389 | D:6      | Reached XP level 9. HP: 78/83 MP: 8/8
  5430 | D:6      | Reached skill level 7 in Armour
  5501 | D:6      | Reached skill level 8 in Armour
  5690 | D:6      | Noticed a two-headed ogre
  5703 | D:6      | Killed a two-headed ogre
  5703 | D:6      | Reached skill level 10 in Armour
  6487 | D:7      | Found Goobap's Weapon Shop.
  6505 | D:7      | Bought the +1 hunting sling "Ronin" {venom, Str+3} for 221 gold pieces
  6537 | D:7      | Reached skill level 7 in Shields
  6558 | D:7      | Found a stormy altar of Qazlal.
  6652 | D:7      | Reached ** piety under Makhleb
  6665 | D:7      | Got a bronze scale mail
  6753 | D:7      | Reached skill level 8 in Shields
  6763 | D:7      | Reached XP level 10. HP: 79/91 MP: 9/9
  6950 | D:7      | Identified the cursed +1 scale mail "Obluguz" {*Slow rF+ rN+++ Slay+5} (You found it on level 7 of the Dungeon)
  7026 | D:8      | Reached skill level 9 in Shields
  7169 | D:8      | Reached skill level 1 in Invocations
  7193 | D:8      | Reached skill level 2 in Invocations
  7333 | D:8      | Reached skill level 3 in Invocations
  7416 | D:8      | Reached skill level 1 in Slings
  7747 | D:9      | Reached skill level 2 in Slings
  7907 | D:9      | Reached skill level 3 in Slings
  8044 | D:9      | Noticed a two-headed ogre
  8051 | D:9      | Killed a two-headed ogre
  8051 | D:9      | Reached skill level 10 in Fighting
  8355 | D:9      | Found Qoony's Antique Weapon Shop.
  8610 | D:10     | Entered Level 10 of the Dungeon
  8717 | D:10     | Reached *** piety under Makhleb
  8899 | D:10     | Noticed a gargoyle
  8914 | D:10     | Killed a gargoyle
  8914 | D:10     | Reached skill level 11 in Fighting
  9423 | D:10     | Noticed a lindwurm
  9697 | D:10     | Identified a scroll of acquirement
  9712 | D:10     | Identified a +1 pair of boots of running (You acquired it on level 10 of the Dungeon)
  9720 | D:11     | Reached skill level 12 in Fighting
  9720 | D:11     | Reached XP level 11. HP: 104/104 MP: 10/12
  9735 | D:11     | Killed an unseen horror
  9750 | D:11     | Reached skill level 10 in Maces & Flails
  9768 | D:11     | Noticed a skeletal warrior
  9768 | D:11     | Noticed a skeletal warrior
  9885 | D:11     | Killed a skeletal warrior
  9898 | D:11     | Reached skill level 11 in Maces & Flails
  9944 | D:11     | Noticed a seven-headed hydra
  9946 | D:11     | Noticed an eight-headed hydra
  9949 | D:11     | Killed a seven-headed hydra
  9954 | D:11     | Killed an eight-headed hydra
  9954 | D:11     | Reached skill level 12 in Maces & Flails
 10079 | D:11     | Reached **** piety under Makhleb
 10120 | D:11     | Found a staircase to the Lair.
 10145 | D:11     | Reached skill level 11 in Armour
 10499 | D:11     | Noticed a skeletal warrior
 10499 | D:11     | Noticed a skeletal warrior
 10510 | D:12     | Upgraded the game from 0.20-a0-1016-g241539b to 0.20-a0-1018-ge435b50
 10701 | D:12     | Reached skill level 12 in Armour
 10748 | D:12     | Killed an unseen horror
 10958 | D:12     | Noticed an ogre mage
 11002 | D:12     | Found a roughly hewn altar of Beogh.
 11029 | D:12     | Reached skill level 10 in Shields
 11037 | D:12     | Killed an ogre mage
 11096 | D:12     | Reached ***** piety under Makhleb
 11129 | D:12     | Reached XP level 12. HP: 104/112 MP: 13/13
 11251 | D:12     | Reached skill level 11 in Shields
 11485 | D:12     | Noticed a centaur warrior
 11485 | D:12     | Noticed a two-headed ogre
 11487 | D:12     | Noticed a two-headed ogre
 11517 | D:12     | Killed a centaur warrior
 11517 | D:12     | Reached skill level 12 in Shields
 11529 | D:12     | Killed a two-headed ogre
 11534 | D:12     | Killed a two-headed ogre
 11591 | Lair:1   | Entered Level 1 of the Lair of Beasts
 11592 | Lair:1   | Upgraded the game from 0.20-a0-1018-ge435b50 to 0.20-a0-1020-g7b9e4fe
 11627 | Lair:1   | Reached skill level 13 in Maces & Flails
 12000 | Lair:2   | Noticed Urug
 12002 | Lair:2   | Found a dark tunnel.
 12011 | Lair:2   | Killed Urug
 12020 | Volcano  | Entered a volcano
 12255 | Volcano  | Found a burning altar of Makhleb.
 12260 | Volcano  | Reached skill level 14 in Maces & Flails
 12274 | Volcano  | Reached skill level 4 in Invocations
 12280 | Volcano  | Noticed a stone giant
 12294 | Volcano  | HP: 8/112 [stone giant (25)]
 12295 | Volcano  | Mangled by a stone giant

Vault maps used:
D:1:      lightli_arrival_windingriver, minmay_misc_feat_tower
D:3:      nicolae_gozag_seed_capital, kennysheep_generic_room_10, uniq_robin,
          uniq_grinder, uniq_iyjb
D:4:      minitemple, serial_forest, infiniplex_forest_lined_room_2,
          infiniplex_forest_corner_1, infiniplex_forest_lined_3,
          infiniplex_forest_lined_2, infiniplex_forest_lined_room_,
          infiniplex_forest_3_way, infiniplex_forest_clump_tiny,
          infiniplex_forest_straight_1, infiniplex_forest_lined_ring,
          first_bread, nicolae_ossuary_entry_plus
D:5:      nemelex_xobeh_ov_fountains_minmay, minmay_temple_entry_trees,
          uniq_eustachio
D:6:      minmay_fire_ice_demons
D:7:      lemuel_coloured_pillars_altar, serial_shops,
          nicolae_shop_competitors_out_of_business
D:9:      serial_shops, shop
D:10:     hangedman_little_slice_of_home, minmay_lindwurm_lava
D:11:     lair_entry_dummy, minmay_orc_entry_temple_small,
          nrook_guardian_serpent_ordinary
D:12:     special_room, grunt_tough_drop
Temple:   eino_temple_rhombus
Lair:2:   nicolae_volcano_entry_lava_flow, uniq_urug
Ossuary:  ossuary_tomb_1
Volcano:  volcano_lake

Skill      XL: |  1  2  3  4  5  6  7  8  9 10 11 12 |
---------------+-------------------------------------+-----
Fighting       | 4 5 6 9 12 | 12.0
Maces & Flails | 4 7 9 12 14 | 14.0
Armour         | 4 6 10 12 | 12.0
Shields        | 6 8 9 10 12 | 12.0
Invocations    | 3 4 |  4.0
Slings         | 3 |  3.1

Action                   |  1- 3 |  4- 6 |  7- 9 | 10-12 || total
-------------------------+-------+-------+-------+-------++-------
Melee: Flail             |   123 |   138 |   522 |   170 ||   953
       Headbutt          |    14 |    29 |   116 |   144 ||   303
       Morningstar       |       |       |       |   377 ||   377
Invok: Minor Destruction |       |       |       |     1 ||     1
       Lesser Servant of |       |       |       |     1 ||     1
  Use: Scroll            |     5 |     7 |    10 |     7 ||    29
       Potion            |       |     2 |     1 |     3 ||     6
  Eat: Chunk             |     2 |     5 |     8 |    14 ||    29
       Bread ration      |       |       |     1 |       ||     1
       Fruit             |       |       |       |     3 ||     3
       Royal jelly       |       |       |       |     1 ||     1
Armor: Scale mail        |    59 |       |       |   233 ||   292
       Chain mail        |    19 |    82 |   278 |     6 ||   385
Dodge: Dodged            |    38 |    32 |    96 |   126 ||   292
Block: Shield            |    75 |    70 |   276 |   282 ||   703
